AoeStats
← CommandingOfficer

African Clearing

506701904Analyzed
4v4 RM · 17d ago on Sep 14, 2026· 47m 23s· 8 players
Game mode
Random Map
Map size
Large (8 player)
Population
200
Speed
Normal
Resources
Standard
Victory
Conquest
Starting age
Dark Age
Ending age
Imperial Age
RankedLock teamsTeams togetherTeam positionsShared explorationLock speedFull tech treeHidden civsTurbo modeCheats
Victory
Defeat
🇩🇪 Dravidians · Germany
1118
+16
🇨🇭 Vikings · Switzerland
1096
+17
🇨🇳 Tatars · China
1096
+17
🇩🇪 Franks · Germany
1071
+17
🇹🇷 Mongols · Türkiye
1119
-17
🇹🇷 Vietnamese · Türkiye
1118
-17
🇹🇷 Bulgarians · Türkiye
1111
-17
🇹🇷 Hindustanis · Türkiye
1095
-16
JeanBlaice
2:48 Loom
14:39 Feudal Age
18:26 Castle Age
17:41 Town Watch
18:37 Wheelbarrow
23:17 Fletching
25:33 Bodkin Arrow
32:20 Gold Mining
36:46 Hand Cart
38:03 Thumb Ring
37:54 Horse Collar
38:03 Double-Bit Axe
43:13 Heavy Plow
43:29 Bow Saw
48:55 Imperial Age
Lecter-
2:48 Loom
4:17 Loom
14:18 Feudal Age
14:59 Double-Bit Axe
14:48 Man-at-Arms
18:41 Scale Mail Armor
18:52 Forging
26:54 Horse Collar
28:39 Stone Mining
28:42 Gold Mining
36:11 Castle Age
38:39 Heavy Plow
39:23 Gold Shaft Mining
43:12 Squires
44:07 Chain Mail Armor
48:33 Imperial Age
逆天小肥猪
13:23 Feudal Age
13:54 Double-Bit Axe
15:49 Loom
21:06 Castle Age
20:39 Fletching
20:49 Padded Archer Armor
22:08 Bow Saw
22:47 Horse Collar
23:08 Bodkin Arrow
23:28 Leather Archer Armor
26:33 Gold Mining
27:55 Husbandry
27:51 Stone Mining
28:42 Heavy Plow
31:10 Gold Shaft Mining
31:28 Bloodlines
32:54 Wheelbarrow
33:27 Ballistics
35:42 Imperial Age
33:59 Scale Barding Armor
34:04 Forging
34:05 Treadmill Crane
34:35 Masonry
34:58 Silk Armor
36:16 Hand Cart
37:29 Bracer
37:59 Ring Archer Armor
39:20 Ring Archer Armor
39:13 Conscription
40:20 Chemistry
39:25 Heavy Cavalry Archer
40:11 Town Watch
40:39 Elite Keshik
41:41 Chain Barding Armor
41:56 Iron Casting
41:53 Town Patrol
43:33 Plate Barding Armor
43:34 Iron Casting
47:11 Blast Furnace
CommandingOfficer
12:45 Loom
14:31 Feudal Age
18:34 Castle Age
16:48 Double-Bit Axe
17:35 Town Watch
22:52 Fletching
25:47 Bodkin Arrow
28:43 Scale Barding Armor
31:25 Forging
32:47 Iron Casting
32:20 Light Cavalry
38:39 Gold Mining
39:43 Chain Barding Armor
41:10 Ballistics
42:35 Murder Holes
hakanyao
5:03 Loom
15:50 Feudal Age
16:33 Arson
31:23 Scale Mail Armor
31:34 Forging
33:39 Castle Age
33:35 Double-Bit Axe
33:32 Horse Collar
39:01 Bow Saw
38:55 Heavy Plow
38:51 Gold Mining
38:52 Stone Mining
42:29 Imperial Age
40:29 Gambesons
40:45 Squires
41:03 Chain Mail Armor
42:21 Pikeman
45:01 Gold Shaft Mining
kagan_ant
7:17 Loom
14:09 Feudal Age
15:08 Double-Bit Axe
16:38 Fletching
19:47 Padded Archer Armor
21:50 Castle Age
21:54 Crossbowman
22:31 Bodkin Arrow
22:52 Gold Mining
24:12 Leather Archer Armor
24:53 Town Watch
28:56 Bow Saw
29:42 Stone Mining
32:13 Thumb Ring
35:02 Ballistics
38:36 Elite Skirmisher
43:58 Imperial Age
41:16 Horse Collar
43:42 Wheelbarrow
42:39 Pikeman
43:20 Squires
43:22 Scale Mail Armor
44:10 Imperial Skirmisher
XOLTAR
3:19 Loom
13:55 Feudal Age
18:21 Wheelbarrow
17:39 Fletching
20:15 Padded Archer Armor
24:45 Castle Age
27:08 Castle Age
43:22 Imperial Age
jackalius
13:42 Feudal Age
14:53 Loom
18:40 Castle Age
17:26 Stone Mining
19:28 Double-Bit Axe
31:08 Wheelbarrow
32:43 Forging
32:35 Scale Mail Armor
36:01 Bow Saw
37:07 Iron Casting
41:05 Imperial Age
43:10 Pikeman
44:19 Squires
46:26 Blast Furnace
45:42 Chain Mail Armor
45:28 Padded Archer Armor
45:19 Fletching
46:52 Conscription
46:15 Elite Skirmisher
47:20 Thumb Ring
Connection lost

Rejoining the realm…

Still unreachable

The connection could not be restored.

Session expired

The server has moved on; the page needs a fresh start.